| TOP OF THE 1ST |
|
Philadelphia Phillies batting - Pitching for Miami Marlins : RHP Mike Torres
|
|
Pitching: RHP Mike Torres
|
|
|
Batting: SHB Lance Franklin
|
0-0: Called Strike 0-1: Ball 1-1: Foul Ball, location: 2F 1-2: TRIPLE (Flyball, 78XD, EV 108.8 MPH)
|
|
Batting: SHB Phuck II
|
0-0: Called Strike 0-1: Foul Ball, location: 2F 0-2: Ball 1-2: Ball 2-2: Ball 3-2: Strikes out swinging
|
|
Batting: RHB Chef Belew
|
0-0: Ball 1-0: Foul Ball, location: 2F 1-1: Swinging Strike 1-2: Ball 2-2: Ground out 5-3 (Groundball, 5D, EV 103.1 MPH)
|
|
Batting: RHB Josh Hensley
|
0-0: Called Strike 0-1: Foul Ball, location: 2F 0-2: Strikes out swinging
|
| Top of the 1st over - 0 runs, 1 hit, 0 errors, 1 left on base; Philadelphia 0 - Miami 0 |
| BOTTOM OF THE 1ST |
|
Miami Marlins batting - Pitching for Philadelphia Phillies : RHP Matt Evans
|
|
Pitching: RHP Matt Evans
|
|
|
Batting: RHB Roger Salazar
|
0-0: Ball 1-0: Foul Ball, location: 2F 1-1: Ground out 1-3 (Groundball, 13S, EV 69.4 MPH)
|
|
Batting: RHB Bert Clark
|
0-0: Fly out, F8 (Flyball, 89D, EV 95.0 MPH)
|
|
Batting: LHB Andre Gorter
|
0-0: Swinging Strike 0-1: Ball 1-1: Foul Ball, location: 2F 1-2: Ball 2-2: Strikes out swinging
|
| Bottom of the 1st over - 0 runs, 0 hits, 0 errors, 0 left on base; Philadelphia 0 - Miami 0 |
| TOP OF THE 2ND |
|
Philadelphia Phillies batting - Pitching for Miami Marlins : RHP Mike Torres
|
|
Batting: LHB Osamu Kubo
|
0-0: Ball 1-0: Called Strike 1-1: Foul Ball, location: 2F 1-2: Ball 2-2: Foul Ball, location: 2F 2-2: Foul Ball, location: 2F 2-2: Strikes out looking
|
|
Batting: LHB Mike Davis
|
0-0: Ball 1-0: Called Strike 1-1: Foul Ball, location: 2F 1-2: Fly out, F9 (Flyball, 89M, EV 80.0 MPH)
|
|
Batting: RHB Quintin Parker
|
0-0: Fly out, F7 (Flyball, 78D, EV 100.0 MPH)
|
| Top of the 2nd over - 0 runs, 0 hits, 0 errors, 0 left on base; Philadelphia 0 - Miami 0 |
| BOTTOM OF THE 2ND |
|
Miami Marlins batting - Pitching for Philadelphia Phillies : RHP Matt Evans
|
|
Batting: LHB Adam Durgin
|
0-0: Swinging Strike 0-1: Foul Ball, location: 2F 0-2: Strikes out swinging
|
|
Batting: RHB Jimmy Groseclose
|
0-0: Swinging Strike 0-1: Ball 1-1: Swinging Strike 1-2: Foul Ball, location: 2F 1-2: Strikes out looking
|
|
Batting: RHB Matt Thompson
|
0-0: Foul Ball, location: 2F 0-1: Called Strike 0-2: Strikes out looking
|
| Bottom of the 2nd over - 0 runs, 0 hits, 0 errors, 0 left on base; Philadelphia 0 - Miami 0 |
| TOP OF THE 3RD |
|
Philadelphia Phillies batting - Pitching for Miami Marlins : RHP Mike Torres
|
|
Batting: LHB Jim Beaver
|
0-0: Ground out 4-3 (Groundball, 4, EV 89.4 MPH)
|
|
Batting: LHB Cody Schumacher
|
0-0: Ball 1-0: Fly out, F7 (Flyball, 7D, EV 109.4 MPH)
|
|
Batting: SHB Lance Franklin
|
0-0: Fly out, F8 (Flyball, 8RD, EV 83.8 MPH)
|
| Top of the 3rd over - 0 runs, 0 hits, 0 errors, 0 left on base; Philadelphia 0 - Miami 0 |
| BOTTOM OF THE 3RD |
|
Miami Marlins batting - Pitching for Philadelphia Phillies : RHP Matt Evans
|
|
Batting: RHB Mike Gar
|
0-0: Called Strike 0-1: Ball 1-1: Ball 2-1: Called Strike 2-2: SINGLE (Line Drive, 6MD, EV 100.6 MPH)
|
|
Batting: RHB Tony Stedman
|
0-0: Ball 1-0: Ball 2-0: Called Strike 2-1: SINGLE (Groundball, 6D, EV 104.4 MPH) Mike Gar to second
|
|
Batting: RHB Steve Barnard
|
0-0: Ball 1-0: Called Strike 1-1: SINGLE (Groundball, 4MD, EV 105.0 MPH) Mike Gar to third Tony Stedman to second
|
|
Batting: RHB Roger Salazar
|
0-0: Ball 1-0: Foul Ball, location: 2F 1-1: Ball 2-1: Ball 3-1: Called Strike 3-2: Strikes out swinging
|
|
Batting: RHB Bert Clark
|
0-0: Ball 1-0: Ball 2-0: Called Strike 2-1: Foul Ball, location: 2F 2-2: Ball 3-2: Foul Ball, location: 2F 3-2: Strikes out swinging
|
|
Batting: LHB Andre Gorter
|
0-0: Called Strike 0-1: Foul Ball, location: 2F 0-2: Ground out U3 (Groundball, 34, EV 81.9 MPH)
|
| Bottom of the 3rd over - 0 runs, 3 hits, 0 errors, 3 left on base; Philadelphia 0 - Miami 0 |
| TOP OF THE 4TH |
|
Philadelphia Phillies batting - Pitching for Miami Marlins : RHP Mike Torres
|
|
Batting: SHB Phuck II
|
0-0: Ball 1-0: Called Strike 1-1: Foul Ball, location: 2F 1-2: Foul Ball, location: 2F 1-2: Strikes out looking
|
|
Batting: RHB Chef Belew
|
0-0: Ball 1-0: Ball 2-0: Called Strike 2-1: Foul Ball, location: 2F 2-2: Ground out 5-3 (Groundball, 56, EV 88.8 MPH)
|
|
Batting: RHB Josh Hensley
|
0-0: Called Strike 0-1: Ground out 6-3 (Groundball, 4MD, EV 85.0 MPH)
|
| Top of the 4th over - 0 runs, 0 hits, 0 errors, 0 left on base; Philadelphia 0 - Miami 0 |
| BOTTOM OF THE 4TH |
|
Miami Marlins batting - Pitching for Philadelphia Phillies : RHP Matt Evans
|
|
Batting: LHB Adam Durgin
|
0-0: Ball 1-0: Ball 2-0: Swinging Strike 2-1: Ball 3-1: Base on Balls
|
|
Batting: RHB Jimmy Groseclose
|
0-0: Ball 1-0: Called Strike 1-1: Swinging Strike 1-2: Foul Ball, location: 2F 1-2: Strikes out swinging
|
|
Batting: RHB Matt Thompson
|
0-0: Called Strike 0-1: Swinging Strike 0-2: Strikes out swinging
|
|
Batting: RHB Mike Gar
|
0-0: Foul Ball, location: 2F 0-1: Fly out, F8 (Flyball, 8RM, EV 87.5 MPH)
|
| Bottom of the 4th over - 0 runs, 0 hits, 0 errors, 1 left on base; Philadelphia 0 - Miami 0 |
| TOP OF THE 5TH |
|
Philadelphia Phillies batting - Pitching for Miami Marlins : RHP Mike Torres
|
|
Batting: LHB Osamu Kubo
|
0-0: Ball 1-0: Swinging Strike 1-1: Foul Ball, location: 2F 1-2: Strikes out looking
|
|
Batting: LHB Mike Davis
|
0-0: Ball 1-0: Foul Ball, location: 2F 1-1: Called Strike 1-2: Foul Ball, location: 2F 1-2: Ground out 6-3 (Groundball, 56, EV 105.0 MPH)
|
|
Batting: RHB Quintin Parker
|
0-0: Swinging Strike 0-1: Foul Ball, location: 2F 0-2: Ball 1-2: Strikes out looking
|
| Top of the 5th over - 0 runs, 0 hits, 0 errors, 0 left on base; Philadelphia 0 - Miami 0 |
| BOTTOM OF THE 5TH |
|
Miami Marlins batting - Pitching for Philadelphia Phillies : RHP Matt Evans
|
|
Batting: RHB Tony Stedman
|
0-0: Ball 1-0: Ball 2-0: Called Strike 2-1: Foul Ball, location: 2F 2-2: Fly out, F9 (Flyball, 9S, EV 83.8 MPH)
|
|
Batting: RHB Steve Barnard
|
0-0: SINGLE (Groundball, 56D, EV 101.9 MPH)
|
|
Batting: RHB Roger Salazar
|
0-0: Ball 1-0: SINGLE (Line Drive, 34D, EV 108.8 MPH) Steve Barnard to second
|
|
Batting: RHB Bert Clark
|
0-0: Ball 1-0: Called Strike 1-1: Fly out, F3 (Line Drive, 34, EV 65.6 MPH) Lined into DP, U3 (Line Drive, 34, EV 71.9 MPH)
|
| Bottom of the 5th over - 0 runs, 2 hits, 0 errors, 1 left on base; Philadelphia 0 - Miami 0 |
| TOP OF THE 6TH |
|
Philadelphia Phillies batting - Pitching for Miami Marlins : RHP Mike Torres
|
|
Batting: LHB Jim Beaver
|
0-0: Foul Ball, location: 2F 0-1: Called Strike 0-2: Strikes out swinging
|
|
Batting: LHB Cody Schumacher
|
0-0: Called Strike 0-1: Foul Ball, location: 2F 0-2: Foul Ball, location: 2F 0-2: Ball 1-2: Foul Ball, location: 2F 1-2: Strikes out swinging
|
|
Batting: SHB Lance Franklin
|
0-0: Called Strike 0-1: Ball 1-1: Ball 2-1: Swinging Strike 2-2: Ball 3-2: Foul Ball, location: 2F 3-2: Base on Balls
|
|
Batting: SHB Phuck II
|
0-0: Ground out 4-3 (Groundball, 4S, EV 68.8 MPH)
|
| Top of the 6th over - 0 runs, 0 hits, 0 errors, 1 left on base; Philadelphia 0 - Miami 0 |
| BOTTOM OF THE 6TH |
|
Miami Marlins batting - Pitching for Philadelphia Phillies : RHP Matt Evans
|
|
Batting: LHB Andre Gorter
|
0-0: Ball 1-0: SOLO HOME RUN (Flyball, 7D, EV 97.5 MPH), Distance : 370 ft
|
|
Batting: LHB Adam Durgin
|
0-0: Called Strike 0-1: Ball 1-1: Foul Ball, location: 2F 1-2: Ball 2-2: Ball 3-2: Foul Ball, location: 2F 3-2: Strikes out looking
|
|
Batting: RHB Jimmy Groseclose
|
0-0: SINGLE (Groundball, 4S, EV 73.8 MPH) (infield hit)
|
|
Batting: RHB Matt Thompson
|
0-0: Fly out, F8 (Flyball, 8LD, EV 102.5 MPH)
|
|
Batting: RHB Mike Gar
|
0-0: Ball 1-0: Foul Ball, location: 2F 1-1: Fielders Choice at 2nd, 6-4 (Groundball, 6, EV 87.5 MPH)
|
| Bottom of the 6th over - 1 run, 2 hits, 0 errors, 1 left on base; Philadelphia 0 - Miami 1 |
| TOP OF THE 7TH |
|
Philadelphia Phillies batting - Pitching for Miami Marlins : RHP Mike Torres
|
|
Batting: RHB Chef Belew
|
0-0: Ball 1-0: Fly out, F7 (Flyball, 7S, EV 91.9 MPH)
|
|
Pinch Hitting: LHB Nick Canizales
|
0-0: Called Strike 0-1: Ball 1-1: Ball 2-1: Called Strike 2-2: Strikes out swinging
|
|
Batting: LHB Osamu Kubo
|
0-0: Called Strike 0-1: Ball 1-1: SINGLE (Groundball, 6D, EV 105.0 MPH)
|
|
Batting: LHB Mike Davis
|
0-0: Ball 1-0: Ball 2-0: Called Strike 2-1: Called Strike 2-2: Ball 3-2: Strikes out looking
|
| Top of the 7th over - 0 runs, 1 hit, 0 errors, 1 left on base; Philadelphia 0 - Miami 1 |
| BOTTOM OF THE 7TH |
|
Miami Marlins batting - Pitching for Philadelphia Phillies : RHP Matt Evans
|
|
Now at 2B: Nick Canizales
|
|
|
Now at 3B: Jim Beaver
|
|
|
Batting: RHB Tony Stedman
|
0-0: Ball 1-0: Called Strike 1-1: Swinging Strike 1-2: Strikes out swinging
|
|
Batting: RHB Steve Barnard
|
0-0: Called Strike 0-1: Fly out, F2 (Popup, 3SF, EV 71.9 MPH)
|
|
Batting: RHB Roger Salazar
|
0-0: Called Strike 0-1: SINGLE (Groundball, 3D, EV 94.4 MPH)
|
|
Batting: RHB Bert Clark
|
0-0: Ball 1-0: Ball 2-0: Ball 3-0: Called Strike 3-1: Base on Balls Roger Salazar to second
|
|
Pitching: RHP Andy Burchfield
|
|
|
Batting: LHB Andre Gorter
|
0-0: Called Strike 0-1: Ball 1-1: Foul Ball, location: 2F 1-2: Ball 2-2: Fly out, F9 (Flyball, 9LM, EV 103.1 MPH)
|
| Bottom of the 7th over - 0 runs, 1 hit, 0 errors, 2 left on base; Philadelphia 0 - Miami 1 |
| TOP OF THE 8TH |
|
Philadelphia Phillies batting - Pitching for Miami Marlins : RHP Mike Torres
|
|
Batting: RHB Quintin Parker
|
0-0: Foul Ball, location: 2F 0-1: Foul Ball, location: 2F 0-2: Strikes out swinging
|
|
Batting: LHB Jim Beaver
|
0-0: Called Strike 0-1: Ball 1-1: Called Strike 1-2: Ground out 6-3 (Groundball, 4M, EV 98.8 MPH)
|
|
Batting: LHB Cody Schumacher
|
0-0: Ground out 1-3 (Groundball, 13, EV 70.0 MPH)
|
| Top of the 8th over - 0 runs, 0 hits, 0 errors, 0 left on base; Philadelphia 0 - Miami 1 |
| BOTTOM OF THE 8TH |
|
Miami Marlins batting - Pitching for Philadelphia Phillies : RHP Andy Burchfield
|
|
Batting: LHB Adam Durgin
|
0-0: Ball 1-0: Ball 2-0: Called Strike 2-1: Ball 3-1: Called Strike 3-2: Base on Balls
|
|
Batting: RHB Jimmy Groseclose
|
0-0: Called Strike 0-1: Ball 1-1: Ball 2-1: SINGLE (Groundball, 6MD, EV 101.2 MPH) Adam Durgin to second
|
|
Batting: RHB Matt Thompson
|
0-0: Ball 1-0: Sac Bunt to 23 - play at first, batter OUT! 3-4 Adam Durgin to third Jimmy Groseclose to second
|
|
Batting: RHB Mike Gar
|
0-0: Foul Ball, location: 2F 0-1: Ball 1-1: SINGLE (Line Drive, 6M, EV 96.2 MPH) Adam Durgin scores Jimmy Groseclose to third
|
|
Batting: RHB Tony Stedman
|
0-0: Fly out, F8 (Flyball, 8RM, EV 85.0 MPH) Runner from 3rd tags up, SCORES, throw by CF
|
|
Batting: RHB Steve Barnard
|
0-0: Ball Mike Gar steals 2nd base (no throw) 1-0: Called Strike 1-1: Foul Ball, location: 2F 1-2: Strikes out looking
|
| Bottom of the 8th over - 2 runs, 2 hits, 0 errors, 1 left on base; Philadelphia 0 - Miami 3 |
| TOP OF THE 9TH |
|
Philadelphia Phillies batting - Pitching for Miami Marlins : RHP Mike Torres
|
|
Pitching: RHP Oscar Banda
|
|
|
Batting: SHB Lance Franklin
|
0-0: Ball 1-0: Ball 2-0: Foul Ball, location: 2F 2-1: Foul Ball, location: 2F 2-2: Foul Ball, location: 2F 2-2: Ground out 5-3 (Groundball, 56, EV 102.5 MPH)
|
|
Batting: SHB Phuck II
|
0-0: Foul Ball, location: 2F 0-1: Swinging Strike 0-2: Ball 1-2: Ball 2-2: SOLO HOME RUN (Flyball, 89XD, EV 105.6 MPH), Distance : 427 ft
|
|
Batting: RHB Chef Belew
|
0-0: Swinging Strike 0-1: Ball 1-1: Ball 2-1: Ball 3-1: Foul Ball, location: 2F 3-2: Base on Balls
|
|
Batting: LHB Nick Canizales
|
0-0: Foul Ball, location: 2F 0-1: SINGLE (Groundball, 6MS, EV 70.6 MPH) (infield hit) Chef Belew to second
|
|
Batting: LHB Osamu Kubo
|
0-0: Ball 1-0: Called Strike 1-1: Called Strike 1-2: Strikes out swinging
|
|
Batting: LHB Mike Davis
|
0-0: Called Strike 0-1: Ball 1-1: Foul Ball, location: 2F 1-2: Fielders Choice at 2nd, 5-4 (Groundball, 5, EV 91.2 MPH)
|
| Top of the 9th over - 1 run, 2 hits, 0 errors, 2 left on base; Philadelphia 1 - Miami 3 |
|